 Dungeon Crawl Stone Soup version 0.31-a0-174-g85c54bcb58 (webtiles) character file.

Game seed: 17857752265702810093

2119 Dittersdorf the Shield-Bearer (level 9, -5/57 HPs)
             Began as a Gargoyle Fighter on June 15, 2023.
             Was an Initiate of Okawaru.
             Slain by liarliar's ghost (9 damage)
             ... on level 6 of the Dungeon.
             The game lasted 00:09:22 (6538 turns).

Dittersdorf the Shield-Bearer (Gargoyle Fighter)    Turns: 6538, Time: 00:09:23

Health: -5/57      AC: 25    Str: 24    XL:     9   Next: 29%
Magic:  9/9        EV:  8    Int:  9    God:    Okawaru [......]
Gold:   328        SH: 10    Dex:  9    Spells: 8/8 levels left

rFire   . . .        a - +0 flail
rCold   . . .        c - +0 buckler
rNeg    + . .        u - +0 chain mail
rPois   ∞            x - +0 helmet
rElec   +            (no cloak)
rCorr   +            B - +0 pair of gloves
SInv    .            w - +0 pair of boots
Will    .....        z - amulet of reflection Stlth
                     k - ring of resist corrosion
HPRegen 0.29/turn    A - ring "Veahue" {rPois AC+4}
MPRegen 0.11/turn

%: reflection
@: no status effects
A: sickness immunity, AC +6, negative energy resistance 1, electricity
resistance, torment resistance 1, petrification resistance
a: Renounce Religion


You were on level 6 of the Dungeon.
You worshipped Okawaru.
Okawaru was noncommittal.
You visited 2 branches of the dungeon, and saw 7 of its levels.

You collected 328 gold pieces.

Inventory:

Hand Weapons
 a - a +0 flail (weapon)
Missiles
 j - 6 silver javelins (quivered)
 t - a throwing net
Armour
 b - a +0 plate armour
 c - a +0 buckler (worn)
 u - a +0 chain mail (worn)
 w - a +0 pair of boots (worn)
 x - a +0 helmet (worn)
 B - a +0 pair of gloves (worn)
Jewellery
 k - a ring of resist corrosion (left hand)
 z - an amulet of reflection (around neck)
 A - the ring "Veahue" (right hand) {rPois AC+4}
   (You found it on level 5 of the Dungeon)

   [ring of protection]

   AC:        It affects your AC (+4).
   rPois:     It protects you from poison.
Scrolls
 f - a scroll of fog {unknown}
 h - a scroll of noise {unknown}
 i - a scroll of blinking {unknown}
 l - a scroll of immolation {unknown}
 n - a scroll of fear {unknown}
 p - a scroll of revelation
Potions
 d - 4 potions of might
 e - a potion of haste
 m - a potion of heal wounds {unknown}
 o - a potion of invisibility
 q - 5 potions of curing
 v - 3 potions of brilliance


   Skills:
 + Level 7.3 Fighting
 + Level 6.2 Maces & Flails
 + Level 7.3 Armour
 + Level 7.3 Shields


You had 8 spell levels left.
You didn't know any spells.
Your spell library contained the following spells:

 Spells                   Type           Power      Damage    Failure   Level
 Inner Flame              Hex/Fire       0%         N/A       100%        3
 Yara's Violent Unravell  Hex/Tmut       0%         3d3       100%        5
 Conjure Ball Lightning   Conj/Air       0%         3x3d6     100%        6
 Enfeeble                 Hex            0%         N/A       100%        7
 Discord                  Hex            0%         N/A       100%        8
 Disjunction              Tloc           0%         N/A       100%        8


Dungeon Overview and Level Annotations

Branches:
Dungeon (6/15)             Temple (1/1) D:6

Altars:
Cheibriados
Dithmenos
Elyvilon
Fedhas
Kikubaaqudgha
Nemelex Xobeh
Okawaru
Ru
Trog
Xom
Zin

Shops:
D:2 ?

Annotations:
D:6 liarliar's ghost, novice AtWn


Innate Abilities, Weirdness & Mutations

You are immune to sickness and miasma.
Your stone body is resilient. (AC +6)
You are immune to poison.
You resist negative energy. (rN+)
You are resistant to electric shocks. (rElec)
You are resistant to unholy torment.
You are immune to petrification.


Message History

There is an open door here.
There is an open door here.
Things that are here:
a +0 club; a +0 club; an orc skeleton Liarliar's ghost turns its malevolent gaze towards you.
No reachable target in view!
Could not explore, unopened runed door.
You open the door. You sock liarliar's ghost!
Liarliar's ghost is lightly damaged.
Liarliar's ghost freezes you.
You are frozen!
You closely miss liarliar's ghost.
Liarliar's ghost is lightly damaged.
Liarliar's ghost hits you.
You barely miss liarliar's ghost.
Liarliar's ghost is lightly damaged.
Liarliar's ghost hits you but does no damage.
You hit liarliar's ghost but do no damage.
Liarliar's ghost is lightly damaged.
Liarliar's ghost freezes you.
You are frozen.
You hit liarliar's ghost.
Liarliar's ghost is lightly damaged.
Liarliar's ghost barely misses you.
You hit liarliar's ghost but do no damage.
Liarliar's ghost is lightly damaged.
Liarliar's ghost freezes you.
You are frozen!!
You hit liarliar's ghost but do no damage.
Liarliar's ghost is lightly damaged.
Liarliar's ghost freezes you.
You are frozen!!
* * * LOW HITPOINT WARNING * * *
Liarliar's ghost hits you.
* * * LOW HITPOINT WARNING * * *
You hit liarliar's ghost.
Liarliar's ghost is moderately damaged.
Liarliar's ghost hits you!
You die...

.............##⌠##...##.#....####
............##...##...#..........
...........##..?..##..###........
...........#⌠.!♣?.⌠#..........###
...........##.....##..##.....## #
............##...##...##.###.# #
.....)<......##.##...##..###.# #
..............#W#........<...# #
................@.....######## #
....(........................# #
....)................#######.####
...................>......#......
.....................####.#..####
.....................# #.#......
.....................# #.#.####.
.....................# #.#.# #.
######.#.######.#....####.#.# #.


You could see liarliar's ghost.

Vanquished Creatures
  Grinder (D:4)
  Sigmund (D:2)
  A water moccasin (D:6)
  3 ice beasts (D:5)
  An ogre (D:5)
  A centaur (D:5)
  2 phantoms
  5 scorpions
  A howler monkey (D:5)
  4 hounds
  2 orc priests
  A jelly (D:5)
  Jessica (D:3)
  A gnoll bouda (D:5)
  3 iguanas
  Terence (D:3)
  3 orc wizards
  3 sleepcaps
  Robin (D:4)
  5 adders
  3 gnolls (D:3)
  2 shadow imps (D:5)
  2 white imps (D:5)
  3 dart slugs
  23 orcs
  7 ball pythons
  8 bats
  5 endoplasms
  4 giant cockroaches
  13 goblins
  12 hobgoblins
  6 jackals
  6 kobolds
  4 quokkas
  2 frilled lizards (D:2)
  7 rats
148 creatures vanquished.

Notes
Turn   | Place    | Note
-------+----------+-------------------------------------------
     0 | D:1      | Dittersdorf the Gargoyle Fighter began the quest for the
                  | Orb.
     0 | D:1      | Reached XP level 1. HP: 14/14 MP: 1/1
   168 | D:1      | Reached XP level 2. HP: 15/19 MP: 2/2
   642 | D:1      | Reached XP level 3. HP: 23/23 MP: 3/3
  1027 | D:2      | Found Qobboh's Magic Scroll Shop.
  1372 | D:2      | Reached XP level 4. HP: 28/29 MP: 4/4
  1381 | D:2      | Found a faded altar of an unknown god.
  1826 | D:3      | Noticed Jessica
  1828 | D:3      | Killed Jessica
  2050 | D:3      | Noticed Terence
  2050 | D:3      | Noticed Sigmund
  2099 | D:3      | Reached XP level 5. HP: 15/33 MP: 5/5
  2324 | D:2      | Killed Sigmund
  2325 | D:2      | Reached XP level 6. HP: 33/39 MP: 6/6
  2965 | D:3      | Reached skill level 5 in Shields
  2985 | D:3      | Reached skill level 5 in Armour
  3225 | D:3      | Killed Terence
  3226 | D:3      | Reached skill level 5 in Fighting
  3264 | D:4      | Reached XP level 7. HP: 41/44 MP: 7/7
  3799 | D:4      | Noticed Grinder
  3808 | D:4      | Killed Grinder
  3902 | D:4      | Noticed Robin
  3919 | D:4      | Killed Robin
  4245 | D:5      | Entered Level 5 of the Dungeon
  4566 | D:5      | Reached XP level 8. HP: 50/51 MP: 8/8
  4591 | D:5      | Reached skill level 5 in Maces & Flails
  4863 | D:5      | Identified the ring "Veahue" {rPois AC+4}
  5150 | D:5      | Reached XP level 9. HP: 56/56 MP: 9/9
  5673 | D:6      | Found a staircase to the Ecumenical Temple.
  5681 | Temple   | Entered the Ecumenical Temple
  5690 | Temple   | Became a worshipper of Warmaster Okawaru
  5948 | D:6      | Noticed liarliar's ghost (novice AtWn)
  5950 | D:6      | Found a runed translucent door.
  6538 | D:6      | Slain by liarliar's ghost

Illustrated notes

Levels and vault maps discovered:
D:1:      shiori_arrival_elements, layout_basic, grunt_decor_clamped
D:2:      layout_rooms, chequers_ecumenical_altar_simple_redux, serial_shops,
          nicolae_shop_advertising_works [nicolae_subvault_shop_adworks],
          grunt_decor_resistance, guppyfry_early_lair_pool
D:3:      layout_basic, uniq_sigmund, uniq_terence, uniq_jessica
D:4:      layout_loops_ring, minmay_hedge_maze, uniq_robin, uniq_grinder
D:5:      minmay_octagon_keep, layout_basic
D:6:      layout_basic, minmay_temple_entry_waves,
          hellmonk_ghost_happy_afterlife
Temple:   cyrus_circular_temple

Skill      XL: |  1  2  3  4  5  6  7  8  9 |
---------------+----------------------------+-----
Fighting       | 4 5 6 7 |  7.3
Armour         | 4 5 6 7 |  7.3
Shields        | 4 5 6 7 |  7.3
Maces & Flails | 3 4 5 6 |  6.2

Action                     |  1- 3 |  4- 6 |  7- 9 || total
---------------------------+-------+-------+-------++-------
  Melee: Flail             |   112 |   196 |   339 ||   647
  Throw: Javelin           |       |       |     2 ||     2
    Use: Scroll            |       |       |     8 ||     8
 Armour: Scale mail        |    67 |   161 |       ||   228
         Chain mail        |       |     3 |   165 ||   168
  Dodge: Dodged            |    64 |   134 |   110 ||   308
  Block: Buckler           |    28 |    57 |   138 ||   223
         Reflection        |       |       |     5 ||     5

Table legend: (Time is in decaauts)
 A = Elapsed time spent in this place.
 B = Non-inter-level travel time spent in this place.
 C = Inter-level travel time spent in this place.
 D = Time resting spent in this place.
 E = Time spent auto-exploring this place.
 F = Levels seen in this place.
 G = Mean time per level.
                   A        B        C        D        E       F      G
               +--------+--------+--------+--------+--------+-----+--------+
         Total |   6693 |   6385 |    308 |    460 |   4325 |   7 |  956.1 |
       Dungeon |   6641 |   6333 |    308 |    460 |   4324 |   6 | 1106.8 |
        Temple |     52 |     52 |      0 |      0 |      1 |   1 |   52.0 |
               +--------+--------+--------+--------+--------+-----+--------+

Top non-repeatable levels by time:
     D:5: 1424 daAuts
     D:3: 1272 daAuts
     D:1: 1070 daAuts
     D:2: 1033 daAuts
     D:4: 1009 daAuts
     D:6: 830 daAuts
  Temple: 52 daAuts
